 Dungeon Crawl Stone Soup version 0.22.1-1-ga44c0e56f4 (webtiles) character file.

35 Nixze the Caller (level 3, 0/19 HPs)
             Began as a Deep Elf Summoner on Oct 28, 2018.
             Succumbed to an adder's poison
             ... on level 2 of the Dungeon.
             The game lasted 00:06:38 (1452 turns).

Nixze the Caller (Deep Elf Summoner)                Turns: 1452, Time: 00:06:39

Health: 0/19       AC:  4    Str:  5    XL:     3   Next: 17%
Magic:  17/18      EV: 13    Int: 25    God:
Gold:   56         SH:  0    Dex: 15    Spells: 2/8 levels left

rFire    + . .     SeeInvis .   i - +0 club
rCold    . . .     Gourm    .   (no shield)
rNeg     . . .     Faith    .   f - +2 robe {rF+}
rPois    .         Spirit   .   (no helmet)
rElec    .         Reflect  .   (no cloak)
rCorr    .         Harm     .   (no gloves)
MR       .....                  (no boots)
Stlth    ++........             g - amulet of rage
HPRegen  0.06/turn              d - ring of magical power
MPRegen  0.16/turn              (no ring)

@: brilliant, lethally poisoned (0 -> -3)
A: no striking features
a: Evoke Berserk Rage


You were on level 2 of the Dungeon.
You were not hungry.

You visited 1 branch of the dungeon, and saw 2 of its levels.

You collected 56 gold pieces.

Inventory:

Hand Weapons
 i - a +0 club (weapon)
Armour
 a - a +0 robe
 f - a +2 robe of fire resistance (worn)
Jewellery
 d - a ring of magical power (left hand)
 g - an amulet of rage (around neck)
Wands
 e - a wand of digging (17)
Comestibles
 c - 3 rations


   Skills:
 - Level 2.4 Dodging
 - Level 2.4 Stealth
 - Level 3.0 Spellcasting
 + Level 5.6 Summonings


You had 2 spell levels left.
You knew the following spells:

 Your Spells              Type           Power        Failure   Level  Hunger
a - Summon Small Mammal   Summ           ####         1%          1    None
b - Call Imp              Summ           #####...     1%          2    ##.....
c - Summon Guardian Gole  Hex/Summ       ####....     1%          3    ###....

Your spell library contained the following spells:

 Spells                   Type           Power        Failure   Level  Hunger
 Call Canine Familiar     Summ           #####...     1%          3    ###....
 Summon Ice Beast         Ice/Summ       ####....     4%          4    ####...
 Summon Lightning Spire   Summ/Air       ####....     4%          4    ####...


Dungeon Overview and Level Annotations

Branches:
Dungeon (2/15)

Altars:
Cheibriados
Elyvilon

Annotations:
D:2 1 runed door, Sigmund


Message History

The adder dies!
As you read the scroll labeled NOBU YRATOGIGI, it crumbles to dust.
You feel blessed for a moment.
It was a scroll of remove curse.
Your crimson imp disappears in a puff of smoke!
You swap places.
* * * LOW HITPOINT WARNING * * *
You feel sick.
You see here an adder corpse.
You butcher the adder corpse.
* * * LOW HITPOINT WARNING * * *
You feel sick.
You see here a chunk of flesh.
Eat a chunk of flesh? (ye/n/q)
You eat the chunk of flesh.
This raw flesh tastes terrible.
g - an amulet of rage (around neck)
* * * LOW HITPOINT WARNING * * *
You feel sick.
There is a lethal amount of poison in your body!
Your shadow imp disappears in a puff of smoke!
You die...

##########
#####...##...##
#.............##
#.._.......5...#
..........@....#
#............#
.###..........##
....#...##...##
#...#.######
...##...######
##.......<...#
#####..####.#
#..#


You could see a friendly crimson imp.

Vanquished Creatures
  A frilled lizard (D:2)
1 creature vanquished.

Vanquished Creatures (collateral kills)
  Jessica (D:2)
  An adder (D:2)
  3 dart slugs (D:1)
  A leopard gecko (D:2)
  2 giant cockroaches (D:2)
  2 hobgoblins
  3 jackals (D:2)
  2 bats (D:1)
  A frilled lizard (D:1)
  A goblin skeleton (D:2)
  2 kobolds
  2 rats
21 creatures vanquished.

Grand Total: 22 creatures vanquished

Notes
Turn   | Place    | Note
-------+----------+-------------------------------------------
     0 | D:1      | Nixze the Deep Elf Summoner began the quest for the Orb.
     0 | D:1      | Reached XP level 1. HP: 10/10 MP: 6/6
   417 | D:1      | You fall through a shaft!
   424 | D:2      | Noticed Jessica
   435 | D:2      | Reached XP level 2. HP: 10/15 MP: 0/8
   449 | D:2      | Killed Jessica
   449 | D:2      | Reached skill level 5 in Summonings
   552 | D:1      | Learned a level 2 spell: Call Imp
  1064 | D:2      | Found a white marble altar of Elyvilon.
  1084 | D:2      | Reached XP level 3. HP: 19/19 MP: 9/9
  1133 | D:2      | Noticed a human
  1134 | D:2      | Found a runed door.
  1139 | D:2      | Noticed Sigmund
  1403 | D:1      | Learned a level 3 spell: Summon Guardian Golem
  1405 | D:2      | Found a snail-covered altar of Cheibriados.
  1452 | D:2      | Succumbed to an adder's poison

Skill      XL: |  1  2 |
---------------+-------+-----
Summonings     | 5 |  5.6
Dodging        | |  2.4
Stealth        | |  2.4
Spellcasting   | |  3.0

Action                   || total
-------------------------++-------
Melee: Unarmed           ||    15
       Club              ||    10
 Cast: Summon Small Mamm ||    30
       Call Imp          ||    29
  Use: Scroll            ||     1
       Potion            ||     1
 Stab: Distracted        ||     1
  Eat: Chunk             ||     3
Armor: Robe              ||     7
Dodge: Dodged            ||    39
